 Dungeon Crawl Stone Soup version 0.26-a0-597-gb535b0901c (webtiles) character file.

Game seed: 6726188130211134518

(classic levelgen) 3579 EnegeticOcto the Cleaver (level 9, -9/82 HPs)
             Began as a Deep Dwarf Fighter on Sept 9, 2020.
             Was a Believer of Makhleb.
             Mangled by a two-headed ogre
             ... wielding a +0 giant spiked club
              (21 damage)
             ... on level 8 of the Dungeon.
             The game lasted 00:03:05 (5123 turns).

EnegeticOcto the Cleaver (Deep Dwarf Fighter)       Turns: 5123, Time: 00:03:06

Health: -9/82      AC: 15    Str: 24    XL:     9   Next: 84%
Magic:  6/6        EV:  5    Int:  8    God:    Makhleb [**....]
Gold:   398        SH: 11    Dex: 12    Spells: 8/8 levels left

rFire    + . .     SeeInvis .   a - +0 war axe
rCold    . . .     Faith    .   c - +0 kite shield
rNeg     . . .     Spirit   .   b - +0 plate armour
rPois    .         Reflect  .   y - +0 helmet
rElec    .         Harm     .   (no cloak)
rCorr    .                      f - +0 pair of gloves
MR       ++...                  (no boots)
Stlth    ..........             m - amulet of regeneration (curse)
HPRegen  0.00/turn              n - ring of protection from magic
MPRegen  0.10/turn              t - ring of protection from fire

@: non-regenerating, drained
A: damage resistance, heal wounds, sense surroundings 2, no regeneration
a: Heal Wounds, Minor Destruction, Renounce Religion


You were on level 8 of the Dungeon.
You worshipped Makhleb.
Makhleb was pleased with you.
You visited 2 branches of the dungeon, and saw 9 of its levels.

You collected 398 gold pieces.

Inventory:

Hand Weapons
 a - a +0 war axe (weapon)
Missiles
 q - a throwing net (quivered)
Armour
 b - a +0 plate armour (worn)
 c - a +0 kite shield (worn)
 f - a +0 pair of gloves (worn)
 y - a +0 helmet (worn)
 z - a +0 chain mail
Jewellery
 m - a cursed amulet of regeneration (around neck)
 n - a ring of protection from magic (left hand)
 t - a ring of protection from fire (right hand)
Scrolls
 g - 7 scrolls of identify {unknown}
 i - 4 scrolls of magic mapping {unknown}
 k - 2 scrolls of teleportation {unknown}
 l - 3 scrolls of remove curse {unknown}
 o - 2 scrolls of amnesia {unknown}
 r - 2 scrolls of enchant weapon {unknown}
 v - a scroll of summoning {unknown}
 w - a scroll of enchant armour {unknown}
 x - a scroll of silence {unknown}
 A - a scroll of noise {unknown}
Potions
 d - a potion of might {@q3}
 e - 2 potions of haste {unknown}
 h - a potion of cancellation {unknown}
 j - a potion of flight {unknown}
 p - a potion of stabbing {unknown}
 s - 3 potions of heal wounds {unknown}
 u - a potion of magic {unknown}
 B - a potion of curing {@q1}


   Skills:
 + Level 6.0(5.3) Fighting
 * Level 9.6(8.7) Axes
 + Level 7.2(6.4) Armour
 + Level 7.3(6.5) Shields
 + Level 5.8(5.1) Invocations


You had 8 spell levels left.
You didn't know any spells.
Your spell library was empty.

Dungeon Overview and Level Annotations

Branches:
Dungeon (8/15)             Temple (1/1) D:4
   Lair: D:8-11

Altars:
Cheibriados
Dithmenos
Elyvilon
Fedhas
Gozag
Makhleb
Nemelex Xobeh
Sif Muna
Trog
Uskayaw
Zin

Annotations:
D:8 2 transporters


Innate Abilities, Weirdness & Mutations

You are resistant to damage.
You can heal yourself by infusing magical energy.
You passively map the area around you.
You do not regenerate.


Message History

The orc wizard is severely wounded.
You barely miss the orc.
You hit the orc wizard but do no damage.
The orc wizard hits you but does no damage.
The orc wizard points at you and mumbles some strange words.
The puff of flame hits you but does no damage.
The orc hits you but does no damage. You block the orc wizard's attack.
The orc wizard hits you but does no damage.
You hit the orc wizard but do no damage.
The orc wizard is heavily wounded.
You closely miss the orc.
Your plate armour prevents you from hitting the orc wizard.
The orc wizard hits you but does no damage.
The orc wizard barely misses you. The orc hits you but does no damage.
You block the orc wizard's attack. x2
You slice the orc wizard!!
You kill the orc wizard!
Makhleb accepts your kill.
You feel better.
You slash the orc!
You kill the orc!
Makhleb accepts your kill.
You barely miss the orc wizard.
The orc wizard hits you but does no damage.
You hit the orc wizard.
The orc wizard is almost dead.
The orc wizard points at you and mumbles some strange words.
You block the puff of flame.
The orc wizard hits you but does no damage.
You slash the orc wizard!
You kill the orc wizard!
Makhleb accepts your kill.
Things that are here:
a +0 dagger; a +0 robe
Things that are here:
a +0 leather armour; an orc corpse No target in view!
Items here: )) [[ †.
s - 3 black potions (gained 1)
Things that are here:
a +0 dagger; a +0 robe; an orc corpse
Found a ring mail.
A - a scroll labeled PIX RUCOIDWED No target in view!
No target in view!
No target in view!
No target in view!
No target in view!
No target in view!
No target in view!
No target in view!
No target in view!
No target in view!
No target in view!
No target in view!
No target in view!
No target in view!
B - a potion of curing {@q1} You open the door.
There is an open door here.
You open the door.
There is an open door here.
There is an open door here.
There is an open door here.
As you open the door, it creaks loudly!
There is an open door here.
You open the door.
There is an open door here.
Found a long sword.
Found 10 poisoned darts.
As you open the door, it creaks loudly!
There is an open door here.
k - 2 scrolls labeled BEMUMUBLOGHU (gained 1)
You open the door.
There is an open door here.
A centaur comes into view.
It is carrying a wand of disintegration (16).
The centaur shouts!
The centaur zaps a wand.
You resist with almost no effort.
The centaur zaps a wand.
You are blasted!
A two-headed ogre comes into view.
It is wielding two +0 giant spiked clubs.
The two-headed ogre shouts in stereo!
The centaur wields a +0 shortbow.
The centaur shoots an arrow.
The arrow hits you but does no damage.
You see here an arrow.
There are monsters nearby!
There are monsters nearby!
The centaur shoots an arrow.
The arrow hits you.
You see here an arrow.
The centaur zaps a wand.
You resist with almost no effort.
A brown ugly thing comes into view.
The centaur shoots an arrow.
The arrow hits you.
You see here an arrow.
The centaur shoots an arrow.
You block the arrow.
You block the two-headed ogre's attack. x2
You see here an arrow.
Your shield prevents you from hitting the two-headed ogre.
The centaur zaps a wand.
You are blasted!
The two-headed ogre hits you with a +0 giant spiked club!!
* * * LOW HITPOINT WARNING * * *
The two-headed ogre hits you with a +0 giant spiked club!!
You die...

.....#.....#...........#
, ,>,,
.....#.....#...........#,
, ,,
.....#.....#...........#
, ,
######.....#..####.#####
, , , , .....#######.## *
, ,, , ,#.....(..# . , ,
, , , ..#....(...#... ,,
, , ,..'....(...'..., , ,
, , ,,,..#.c..@...#....
,, , , #.##O###+#....* *
* * , * # #..,, , ,... +
,,, .'.u , ,,..., , , ,,
..#.., , ,,,, , * ####..
, ,* * ** , ,,...,* * ,,
... ,, , ,


You could see a brown ugly thing, a two-headed ogre and a centaur.

Vanquished Creatures
  Maggie (D:7)
  Grinder (D:3)
  A hippogriff (D:7)
  Sigmund (D:4)
  2 sky beasts
  An orc warrior (D:7)
  A phantom (D:4)
  An ice beast (D:7)
  3 centaurs
  3 bullfrogs
  A gnoll sergeant (D:8)
  2 scorpions
  5 killer bees (D:7)
  10 wights
  A bullfrog zombie (D:5)
  A quasit (D:7)
  8 orc priests
  A hound (D:4)
  3 iguanas (D:7)
  4 worker ants
  11 orc wizards
  3 hound skeletons
  11 gnolls
  5 adders
  A white imp (D:8)
  An ooze (D:4)
  A dart slug (D:3)
  3 worms
  4 leopard geckos
  33 orcs
  3 bats
  2 giant cockroaches (D:4)
  4 goblins
  5 hobgoblins
  6 jackals
  5 quokkas
  2 frilled lizards
  2 kobolds
  A leopard gecko skeleton (D:7)
  4 rats
158 creatures vanquished.

Notes
Turn   | Place    | Note
-------+----------+-------------------------------------------
     0 | D:1      | EnegeticOcto the Deep Dwarf Fighter began the quest for the
                  | Orb.
     0 | D:1      | Reached XP level 1. HP: 20/20 MP: 1/1
    79 | D:2      | Reached XP level 2. HP: 24/27 MP: 2/2
   484 | D:3      | Noticed a scorpion
   493 | D:3      | Killed a scorpion
   493 | D:3      | Reached skill level 3 in Axes
   493 | D:3      | Reached XP level 3. HP: 28/34 MP: 2/2
   493 | D:3      | Reached XP level 4. HP: 34/42 MP: 3/3
   818 | D:3      | Reached skill level 4 in Axes
   864 | D:3      | Found a glowing silver altar of Zin.
   883 | D:3      | Noticed Grinder
   892 | D:3      | Paralysed by Grinder for 5 turns
   904 | D:3      | Killed Grinder
   904 | D:3      | Reached XP level 5. HP: 48/50 MP: 2/2
   904 | D:3      | Reached XP level 6. HP: 55/57 MP: 3/3
   973 | D:3      | Found a snail-covered altar of Cheibriados.
  1072 | D:3      | Reached skill level 5 in Axes
  1510 | D:4      | Reached XP level 7. HP: 49/64 MP: 3/3
  1526 | D:4      | Found a staircase to the Ecumenical Temple.
  1636 | D:4      | Noticed Sigmund
  1645 | D:4      | Killed Sigmund
  1645 | D:4      | Reached skill level 5 in Armour
  1645 | D:4      | Reached skill level 5 in Shields
  1702 | Temple   | Entered the Ecumenical Temple
  1726 | Temple   | Became a worshipper of Makhleb the Destroyer
  1759 | D:4      | Found a bloodstained altar of Trog.
  1767 | D:4      | Reached skill level 6 in Axes
  1934 | D:4      | Reached skill level 1 in Invocations
  2392 | D:5      | Entered Level 5 of the Dungeon
  2452 | D:5      | Reached XP level 8. HP: 49/73 MP: 5/5
  2644 | D:5      | Reached * piety under Makhleb
  2758 | D:5      | Reached skill level 7 in Axes
  3802 | D:7      | Reached skill level 5 in Fighting
  3906 | D:7      | Noticed a hippogriff
  3918 | D:7      | Killed a hippogriff
  3918 | D:7      | Reached skill level 8 in Axes
  3920 | D:7      | Gained mutation: You passively map the area around you.
                  | [Deep Dwarf growth]
  3920 | D:7      | Reached XP level 9. HP: 70/81 MP: 3/5
  3973 | D:7      | Noticed Maggie
  3995 | D:7      | Killed Maggie
  4094 | D:7      | Reached ** piety under Makhleb
  4120 | D:7      | Reached skill level 5 in Invocations
  4468 | D:7      | Reached skill level 9 in Axes
  4738 | D:8      | Found a transporter.
  4743 | D:8      | Found a transporter.
  4746 | D:8      | Found a bloodstained altar of Trog.
  4788 | D:8      | Noticed a moth of wrath
  5119 | D:8      | Noticed a two-headed ogre
  5121 | D:8      | Noticed a brown ugly thing
  5123 | D:8      | Mangled by a two-headed ogre

Illustrated notes

Levels and vault maps discovered:
D:1:      minmay_arrival_shattered_statue, layout_basic, minmay_misc_feat_doors
D:2:      kb_forest_paths, layout_basic, uniq_crazy_yiuf_cottage
D:3:      layout_basic, marbit_many_paths, zin_statuary,
          minmay_misc_feat_enclosed, nrook_mini_vaults, uniq_grinder
D:4:      layout_basic, minmay_temple_entry_grid, lemuel_tele_altar,
          uniq_sigmund
D:5:      layout_cave_pods
D:6:      layout_loops_ring
D:7:      layout_loops_ring, st_stairs_10, uniq_maggie
D:8:      layout_gridville, gammafunk_ghost_wrathful_warriors, uniq_harold
Temple:   regret_index_temple_chain_breaker

Skill      XL: |  1  2  3  4  5  6  7  8  9 |
---------------+----------------------------+-----
Fighting       | 3 4 5 6 |  6.0
Axes           | 3 4 5 6 8 9 |  9.6
Armour         | 4 5 6 7 |  7.2
Shields        | 4 5 6 7 |  7.3
Invocations    | 2 4 5 |  5.8

Action                   |  1- 3 |  4- 6 |  7- 9 || total
-------------------------+-------+-------+-------++-------
Melee: War axe           |    70 |   130 |   457 ||   657
 Abil: Heal Wounds       |     1 |     4 |    11 ||    16
Armor: Scale mail        |    27 |    49 |    49 ||   125
       Chain mail        |       |       |    66 ||    66
       Plate armour      |       |       |   126 ||   126
Dodge: Dodged            |    17 |    39 |   111 ||   167
Block: Kite shield       |    36 |    54 |   244 ||   334

Table legend: (Time is in decaauts)
 A = Elapsed time spent in this place.
 B = Non-inter-level travel time spent in this place.
 C = Inter-level travel time spent in this place.
 D = Time resting spent in this place.
 E = Time spent auto-exploring this place.
 F = Levels seen in this place.
 G = Mean time per level.
                   A        B        C        D        E       F      G
               +--------+--------+--------+--------+--------+-----+--------+
         Total |   5273 |   4981 |    292 |      0 |   3689 |   9 |  585.9 |
       Dungeon |   5238 |   4956 |    282 |      0 |   3682 |   8 |  654.8 |
        Temple |     34 |     25 |      9 |      0 |      7 |   1 |   34.0 |
               +--------+--------+--------+--------+--------+-----+--------+

Top non-repeatable levels by time:
     D:3: 1050 daAuts
     D:4: 995 daAuts
     D:7: 922 daAuts
     D:5: 758 daAuts
     D:6: 632 daAuts
     D:8: 477 daAuts
     D:2: 321 daAuts
     D:1: 80 daAuts
  Temple: 34 daAuts
